 Dungeon Crawl Stone Soup version 0.22-a0-570-g58866f5 (webtiles) character file.

1131 royokou the Grave Robber (level 8, -3/57 HPs)
             Began as a Hill Orc Necromancer on July 1, 2018.
             Was a Follower of Beogh.
             Shot with an arrow by a centaur (9 damage)
             ... on level 6 of the Dungeon.
             The game lasted 00:48:52 (9846 turns).

royokou the Grave Robber (Hill Orc Necromancer)     Turns: 9846, Time: 00:48:52

Health: -3/57      AC:  7    Str: 11      XL:     8   Next: 36%
Magic:  6/14       EV: 10    Int: 17      God:    Beogh [*.....]
Gold:   82         SH:  0    Dex:  4 (11) Spells: 3/15 levels left

rFire    x . .     SeeInvis .   k - +1 war axe
rCold    + . .     Gourm    .   (no shield)
rNeg     . . .     Faith    .   g - +0 ring mail (curse)
rPois    .         Spirit   .   (no helmet)
rElec    .         Reflect  .   (no cloak)
rCorr    .         Harm     .   (no gloves)
MR       .....                  p - +1 pair of boots
Stlth    ++........             (no amulet)
HPRegen  1.19/turn              l - ring of stealth
MPRegen  0.14/turn              u - ring of ice

@: regenerating
A: no striking features
a: Renounce Religion


You were on level 6 of the Dungeon.
You worshipped Beogh.
Beogh was aware of your devotion.
You were hungry.

You visited 1 branch of the dungeon, and saw 6 of its levels.

You collected 264 gold pieces.
You spent 182 gold pieces at shops.

Inventory:

Hand Weapons
 k - a +1 war axe (weapon)
Armour
 a - a +0 robe
 g - a cursed +0 ring mail (worn)
 o - a +1 chain mail of fire resistance
 p - a +1 pair of boots (worn)
Jewellery
 l - a ring of stealth (left hand)
 u - a ring of ice (right hand)
Wands
 n - a wand of scattershot (6)
Scrolls
 b - 2 scrolls of remove curse
 i - a scroll of amnesia
 m - a scroll of identify
 q - a scroll of enchant weapon
 r - 2 scrolls of enchant armour
Potions
 d - a potion of might
 e - a potion of haste {unknown}
 j - a potion of curing
Comestibles
 c - 5 rations


   Skills:
 + Level 5.9 Axes
 - Level 1.5 Dodging
 - Level 1.5 Stealth
 - Level 4.0 Spellcasting
 + Level 7.9 Necromancy


You had 3 spell levels left.
You knew the following spells:

 Your Spells              Type           Power        Failure   Level  Hunger
a - Pain                  Necr           ####         1%          1    None
b - Animate Skeleton      Necr           N/A          1%          1    None
c - Vampiric Draining     Necr           ####......   4%          3    ###....
d - Animate Dead          Necr           N/A          14%         4    ####...
e - Regeneration          Chrm/Necr      ###.......   22%         3    ###....

Your spell library contained the following spells:

 Spells                   Type           Power        Failure   Level  Hunger


Dungeon Overview and Level Annotations

Branches:
Dungeon (6/15) Temple (0/1) D:3 D:4

Altars:
Cheibriados
Makhleb
Yredelemnul

Shops:
D:5 [


Message History

Confirm with . or Enter, or press ? or * to list all spells.
Aiming: Pain (safe; 1% risk of failure)
Press: ? - help, Shift-Dir - straight line, f/p - centaur
Aim: a centaur, wielding a shortbow (chance to defeat MR: 84%)
The centaur writhes in agony!
The centaur shoots an arrow.
The arrow hits you.
* * * LOW HITPOINT WARNING * * *
Casting: Pain (safe; 1% risk of failure)
Confirm with . or Enter, or press ? or * to list all spells.
Aiming: Pain (safe; 1% risk of failure)
Press: ? - help, Shift-Dir - straight line, f/p - centaur
Aim: a centaur, wielding a shortbow (heavily wounded, chance to defeat MR: 84%)
Okay, then.
You can't go down here!
The centaur shoots an arrow.
The arrow misses you.
The centaur shoots an arrow.
The arrow hits you.
* * * LOW HITPOINT WARNING * * *
There is a stone staircase leading up here.
You see here an arrow.
The centaur shoots an arrow.
The arrow hits you!
You die...

#..........#.##
#..#.##(...#.#
#.##.(........#.#
+........[....#.#
#####.........#..
+..c..............
..#####.............
.......<..(.........
...........@(#+#####
...#....#+###.[....
.. +....# ......
##.... ...... ......
.#.### +....... ..
#....... ..
#........


You could see a centaur.

Vanquished Creatures
  Menkaure (D:6)
  An ogre (D:4)
  2 centaurs (D:5)
  A gnoll sergeant (D:5)
  A water moccasin skeleton (D:5)
  A quasit (D:5)
  A hound (D:5)
  2 orc priests (D:4)
  2 orc wizards (D:5)
  An iguana (D:6)
  2 worker ants (D:5)
  2 worker ant zombies
  3 adders (D:2)
  5 gnolls
  2 oozes
  2 adder skeletons
  7 worms
  2 leopard geckos
  11 orcs
  4 bats
  6 giant cockroaches
  8 goblins
  9 hobgoblins
  11 jackals
  12 kobolds
  A quokka (D:3)
  6 frilled lizards
  A jackal skeleton (D:4)
  A leopard gecko skeleton (D:4)
  6 rats
114 creatures vanquished.

Vanquished Creatures (collateral kills)
  A scorpion (D:5)
  A water moccasin skeleton (D:5)
  A centaur zombie (D:5)
  A centaur skeleton (D:6)
  An orc priest (D:4)
  2 orc wizards (D:4)
  A gnoll (D:5)
  An adder (D:4)
  4 orcs
  A jackal (D:3)
  A jackal skeleton (D:6)
  A leopard gecko zombie (D:5)
16 creatures vanquished.

Grand Total: 130 creatures vanquished

Notes
Turn   | Place    | Note
-------+----------+-------------------------------------------
     0 | D:1      | royokou the Hill Orc Necromancer began the quest for the Orb.
     0 | D:1      | Reached XP level 1. HP: 14/14 MP: 3/3
     2 | D:1      | Learned a level 1 spell: Animate Skeleton
   220 | D:1      | Reached XP level 2. HP: 16/20 MP: 0/4
  1103 | D:1      | Reached XP level 3. HP: 24/26 MP: 2/6
  2333 | D:2      | Reached XP level 4. HP: 30/33 MP: 0/7
  2800 | D:2      | Reached skill level 5 in Necromancy
  3123 | D:2      | Learned a level 3 spell: Vampiric Draining
  3407 | D:3      | Found a burning altar of Makhleb.
  3407 | D:3      | Noticed a balrug
  3412 | D:3      | Noticed an orange demon
  3412 | D:3      | Noticed a ynoxinul
  3946 | D:3      | Reached XP level 5. HP: 28/38 MP: 7/9
  4406 | D:4      | Found a staircase to the Ecumenical Temple.
  4882 | D:4      | Became a worshipper of Beogh the Brigand
  5093 | D:4      | Noticed an ogre
  5110 | D:4      | Killed an ogre
  5110 | D:4      | Reached XP level 6. HP: 34/45 MP: 0/11
  5393 | D:4      | Reached skill level 6 in Necromancy
  5439 | D:4      | Found a snail-covered altar of Cheibriados.
  5762 | D:4      | Learned a level 4 spell: Animate Dead
  6875 | D:5      | Entered Level 5 of the Dungeon
  6946 | D:5      | Learned a level 3 spell: Regeneration
  7066 | D:5      | Reached skill level 1 in Axes
  7066 | D:5      | Reached XP level 7. HP: 44/50 MP: 5/13
  7792 | D:5      | Reached * piety under Beogh
  8340 | D:5      | Found Ejeinid's Antique Armour Shoppe.
  8345 | D:5      | Reached skill level 7 in Necromancy
  8384 | D:5      | Bought a glowing ring mail for 182 gold pieces
  8584 | D:5      | Reached XP level 8. HP: 48/57 MP: 1/14
  9281 | D:5      | Reached skill level 5 in Axes
  9396 | D:6      | Found a basalt altar of Yredelemnul.
  9502 | D:6      | Noticed Menkaure
  9789 | D:6      | Killed Menkaure
  9846 | D:6      | Shot with an arrow by a centaur

Vault maps used:
D:1:      tarquinn_simple_flora_water_d
D:2:      first_ration
D:3:      makhleb_altar_promises_db, nrook_mini_backslash
D:4:      temple_statues, cheibriados_altar_1
D:5:      mumra_celtic_spiral_tile, serial_shops, nicolae_shop_trees,
          solitary_fountain
D:6:      cheibrodos_barr_body, yredelemnul_altar_generic, serial_shops,
          nicolae_shop_overgrown_old_shop, shop, enter_ossuary_3, uniq_menkaure

Skill      XL: |  1  2  3  4  5  6  7  8 |
---------------+-------------------------+-----
Spellcasting   | 2 3 4 |  4.0
Necromancy     | 5 6 7 |  7.9
Axes           | 1 4 5 |  5.9
Dodging        | |  1.5
Stealth        | |  1.5

Action                   |  1- 3 |  4- 6 |  7- 9 || total
-------------------------+-------+-------+-------++-------
Melee: Mace              |     2 |       |       ||     2
       War axe           |     2 |    44 |    70 ||   116
 Cast: Pain              |    83 |   141 |    41 ||   265
       Animate Skeleton  |     8 |    20 |    10 ||    38
       Vampiric Draining |       |     8 |     9 ||    17
       Animate Dead      |       |     2 |     5 ||     7
       Regeneration      |       |       |     8 ||     8
Invok: Convert to Beogh  |       |     1 |       ||     1
  Use: Scroll            |       |    10 |     2 ||    12
       Potion            |       |     4 |     3 ||     7
 Stab: Sleeping          |       |       |     1 ||     1
  Eat: Chunk             |     5 |    13 |     5 ||    23
       Ration            |       |     1 |     2 ||     3
Armor: Robe              |     1 |    21 |     4 ||    26
       Ring mail         |       |       |   158 ||   158
Dodge: Dodged            |     7 |    90 |   190 ||   287

Table legend:
 A = Spawn XP
 B = Non-spawn XP
 C = Spawn XP percentage of total XP
 D = Spawn monster count
 E = Non-spawn monster count
 F = Spawn count percentage of total count
 G = Total turns spent on level
                    A         B        C        D         E        F      G
               +---------+---------+-------+---------+---------+-------+---------
         Total |       0 |    1617 |   0.0 |       0 |     130 |   0.0 |  9846
               +---------+---------+-------+---------+---------+-------+---------
           D:1 |       0 |      40 |   0.0 |       0 |      24 |   0.0 |  1460
           D:2 |       0 |      88 |   0.0 |       0 |      22 |   0.0 |  1678
           D:3 |       0 |      63 |   0.0 |       0 |      24 |   0.0 |  1671
           D:4 |       0 |     363 |   0.0 |       0 |      23 |   0.0 |  2536
           D:5 |       0 |     799 |   0.0 |       0 |      29 |   0.0 |  2276
           D:6 |       0 |     264 |   0.0 |       0 |       8 |   0.0 |   225
               +---------+---------+-------+---------+---------+-------+---------
